 Dungeon Crawl Stone Soup version 0.22-a0-580-gd5db89c (webtiles) character file.

25479 Amnesiac the Nimble (level 12, -12/58 HPs)
             Began as a Spriggan Wanderer on July 3, 2018.
             Was an Initiate of Gozag.
             Mangled by an earth elemental (34 damage)
             ... in a labyrinth.
             The game lasted 00:42:33 (19700 turns).

Amnesiac the Nimble (Spriggan Wanderer)            Turns: 19700, Time: 00:42:34

Health: -12/58     AC:  4    Str: 10    XL:     12   Next: 89%
Magic:  25/26      EV: 26    Int: 19    God:    Gozag
Gold:   3566       SH:  9    Dex: 16    Spells: 23/29 levels left

rFire    . . .     SeeInvis +   (weapon restricted)
rCold    + . .     Gourm    .   C - +1 buckler
rNeg     . . .     Faith    .   s - +1 robe {rC+}
rPois    .         Spirit   .   (helmet restricted)
rElec    .         Reflect  .   F - +0 cloak (curse)
rCorr    +         Harm     .   (gloves unavailable)
MR       ++...                  (boots unavailable)
Stlth    +++++.....             (no amulet)
HPRegen  0.19/turn              u - ring of stealth
MPRegen  0.20/turn              k - ring of Befek {rCorr Int+3}

@: confusing touch, very quick
A: very small, unfitting armour, see invisible, herbivore, speed 3, slow
metabolism 2
a: Potion Petition, Call Merchant, Bribe Branch, Renounce Religion


You were in a labyrinth.
You worshipped Gozag.
Gozag was most pleased with you.
You were not hungry.

You visited 2 branches of the dungeon, and saw 14 of its levels.
You also visited: Labyrinth.

You collected 3636 gold pieces.
You paid 70 gold pieces to Gozag.

Inventory:

Hand Weapons
 a - a +2 dagger of venom
 e - a +1 mace of distortion
Missiles
 o - 176 arrows
Armour
 s - a +1 robe of cold resistance (worn)
 C - a +1 buckler (worn)
 F - a cursed +0 cloak (worn)
Jewellery
 k - the ring of Befek (right hand) {rCorr Int+3}
   (You found it on level 10 of the Dungeon)

   [ring of resist corrosion]

   It affects your intelligence (+3).
 r - an uncursed ring of protection from magic
 u - a ring of stealth (left hand)
 A - an uncursed ring of ice
Wands
 c - a wand of flame (41)
Scrolls
 b - 4 scrolls of identify {!r}
 d - a scroll of brand weapon {!r, unknown}
 j - a scroll of fear {!r}
 n - 3 scrolls of teleportation {!r}
 w - 3 scrolls of fog {!r}
 x - 4 scrolls of remove curse {!r}
 z - a scroll of vulnerability {!r, unknown}
 B - 3 scrolls of amnesia {!r}
 E - 3 scrolls of enchant weapon {!r}
 I - 2 scrolls of enchant armour {!r}
 J - 2 scrolls of magic mapping {!r}
Potions
 g - 5 potions of curing {!q}
 i - 2 potions of flight {!q}
 l - a potion of cancellation {!q}
 m - 2 potions of might {!q}
 p - 3 potions of mutation {!q}
 q - 3 potions of haste {!q}
 t - 2 potions of resistance {!q}
 v - 2 potions of agility {!q}
 G - 6 potions of invisibility {!q}
Miscellaneous
 h - a sack of spiders
 H - a box of beasts
Comestibles
 f - 19 rations


   Skills:
 - Level 4.0 Fighting
 - Level 9.7(10.0) Short Blades
   Level 2.4(5.3) Long Blades
   Level 1.3 Staves
 - Level 10.0 Dodging
 - Level 10.0 Stealth
 - Level 7.3 Shields
 + Level 9.2 Spellcasting
 + Level 7.4 Hexes
 + Level 3.6 Charms
 - Level 10.0 Transmutations
 + Level 9.0 Evocations


You had 23 spell levels left.
You knew the following spells:

 Your Spells              Type           Power        Failure   Level  Hunger
a - Sticks to Snakes      Tmut           #####...     1%          2    None
r - Regeneration          Chrm/Necr      ###.......   12%         3    None
z - Confusing Touch       Hex            #####.       1%          1    None

Your spell library contained the following spells:

 Spells                   Type           Power        Failure   Level  Hunger
 Confuse                  Hex            #####...     1%          3    None
 Animate Dead             Necr           N/A          63%         4    ###....
 Pain                     Necr           #...         9%          1    None
 Animate Skeleton         Necr           N/A          9%          1    None
 Vampiric Draining        Necr           #.........   24%         3    None
 Spider Form              Tmut/Pois      ####......   3%          3    None
 Blade Hands              Tmut           #####.....   3%          5    #####..
 Ice Form                 Ice/Tmut       ####....     11%         4    ###....
 Metabolic Englaciation   Hex/Ice        ###.......   43%         5    #####..
 Petrify                  Tmut/Erth      ####....     11%         4    ###....
 Beastly Appendage        Tmut           #####.       1%          1    None
 Gell's Gravitas          Tloc           #.........   24%         3    None
 Yara's Violent Unravell  Hex/Tmut       #####.....   6%          5    #####..


Dungeon Overview and Level Annotations

Branches:
Dungeon (13/15)            Temple (1/1) D:4            Lair (0/6) D:9
    Orc (0/2) D:12
 Vaults: D:13-14

Altars:
Ashenzari
Cheibriados
Dithmenos
Elyvilon
Fedhas
Gozag
Hepliaklqana
Kikubaaqudgha
Makhleb
Nemelex Xobeh
Okawaru
Qazlal
Ru
Sif Muna
Trog
Uskayaw
Vehumet
Wu Jian
Xom
Yredelemnul
Zin
The Shining One
Beogh

Shops:
D:7 (


Innate Abilities, Weirdness & Mutations

You are very small and have problems with some larger weapons.
You are too small for most types of armour.
You have supernaturally acute eyesight. (SInv)
You are a herbivore.
You cover ground extremely quickly.
You need to consume almost no food.


Message History

Casting: Confusing Touch (safe; 1% risk of failure)
Confirm with . or Enter, or press ? or * to list all spells.
Your hands begin to glow red.
Wield which item (- for none, * to show all)? (? for menu, Esc to quit)
Your +2 dagger of venom stops dripping with poison.
You are now empty-handed.
You block the earth elemental's attack.
Really attack barehanded?
You hit the earth elemental but do no damage.
The earth elemental appears confused.
The earth elemental is severely damaged.
Unknown command.
Wield which item (- for none, * to show all)? (? for menu, Esc to quit)
Your +2 dagger of venom begins to drip with poison!
a - a +2 dagger of venom (weapon)
You hit the earth elemental.
The earth elemental is severely damaged.
You hit the earth elemental but do no damage.
The earth elemental is severely damaged.
You hit the earth elemental but do no damage.
The earth elemental is severely damaged.
You hit the earth elemental but do no damage.
The earth elemental is severely damaged.
You hit the earth elemental.
The earth elemental is severely damaged.
You hit the earth elemental but do no damage.
The earth elemental is severely damaged.
You hit the earth elemental.
The earth elemental is severely damaged.
You hit the earth elemental but do no damage.
The earth elemental is severely damaged.
You hit the earth elemental but do no damage.
The earth elemental is severely damaged.
You hit the earth elemental.
The earth elemental is almost destroyed.
You hit the earth elemental but do no damage.
The earth elemental is almost destroyed.
New annotation for Lab (include '!' for warning):
Okay, then.
You barely miss the earth elemental.
The earth elemental is almost destroyed.
The earth elemental seems less confused.
The earth elemental hits you!
* * * LOW HITPOINT WARNING * * *
You hit the earth elemental.
The earth elemental is almost destroyed.
Casting: Confusing Touch (safe; 1% risk of failure)
Confirm with . or Enter, or press ? or * to list all spells.
Your hands begin to glow red.
Wield which item (- for none, * to show all)? (? for menu, Esc to quit)
Your +2 dagger of venom stops dripping with poison.
You are now empty-handed.
Really attack barehanded?
You hit the earth elemental but do no damage.
The earth elemental is almost destroyed.
The earth elemental completely misses you.
Unknown command.
You hit the earth elemental but do no damage.
The earth elemental is almost destroyed.
You hit the earth elemental but do no damage.
The earth elemental is almost destroyed.
The earth elemental hits you!!
Ouch! That really hurt!
You die...
Your body crumbles into a pile of gold. โ–“โ–“โ–“

... #.# #.#
##
###.#####
#...#.... .
# #
#.....#####
#...#
#@....# #.#
#.E..#.#
#).#.# #
#.. #####.#
. ..# . .#
# ## .. # .
.. ##.. #
#.#. # ..
#.# ยง....
...#.#


You could see an earth elemental.

Vanquished Creatures
  2 hydras
  Fannar (D:10)
  The ghost of galech the Fighter, a novice OgBe of Trog (D:9)
  6 two-headed ogres
  3 unseen horrors
  Pikel (D:6)
  2 ugly things
  2 cyclopes
  A manticore (D:12)
  A gargoyle (D:11)
  Joseph (D:9)
  A centaur skeleton (D:10)
  2 komodo dragons
  A troll (D:11)
  Grinder (D:3)
  A hornet (D:11)
  8 slime creatures (D:12)
  2 dream sheep (D:11)
  3 hippogriffs
  A vampire (D:12)
  5 wraiths
  14 yaks
  2 hungry ghosts
  Edmund (D:5)
  2 water moccasins
  4 slaves
  A black bear (D:8)
  8 ice beasts
  3 phantoms
  2 sky beasts
  2 necrophages
  12 orc warriors
  4 ogres
  7 centaurs
  A crocodile (D:11)
  5 big kobolds
  Blork the orc (D:5)
  A wyvern zombie (D:7)
  6 bullfrogs
  A wyvern skeleton (D:10)
  2 scorpions
  6 killer bees (D:11)
  4 howler monkeys
  2 hounds
  2 bullfrog zombies
  4 lava snakes (Lab)
  5 crimson imps
  2 jellies
  13 orc wizards
  13 orc priests
  Crazy Yiuf (D:7)
  2 bullfrog skeletons
  2 iguanas (D:5)
  7 worker ants
  A statue (D:5)
  2 worker ant zombies (D:5)
  3 hound skeletons
  3 gnolls
  14 adders
  3 shadow imps
  2 worms
  A dart slug (D:2)
  3 leopard geckos
  87 orcs
  2 ball pythons (D:2)
  2 bat zombies (D:6)
  4 giant cockroaches
  7 goblins
  5 hobgoblins
  10 jackals
  13 kobolds
  6 quokkas
  6 bats
  4 frilled lizards
  2 leopard gecko skeletons
  A quokka skeleton (D:4)
  A quokka zombie (D:5)
  6 rats
  3 rat zombies (D:6)
379 creatures vanquished.

Vanquished Creatures (collateral kills)
  A troll (D:12)
  2 slime creatures (D:12)
  A water moccasin (D:12)
  An orc priest (D:12)
  A jelly (D:12)
  4 orcs (D:12)
10 creatures vanquished.

Vanquished Creatures (others)
  An orc (D:12)
  3 plants (D:9)
4 creatures vanquished.

Grand Total: 393 creatures vanquished

Notes
Turn   | Place    | Note
-------+----------+-------------------------------------------
     0 | D:1      | Amnesiac the Spriggan Wanderer began the quest for the Orb.
     0 | D:1      | Amnesiac set off with: a +2 robe, a +0 falchion, a potion of lignification {!q}, a +0 dagger, a ration
     0 | D:1      | Reached XP level 1. HP: 10/10 MP: 2/2
   142 | D:2      | Reached skill level 1 in Short Blades
   282 | D:3      | Reached XP level 2. HP: 8/14 MP: 3/3
   537 | D:4      | Noticed a scorpion
   561 | D:4      | Killed a scorpion
   561 | D:4      | Reached XP level 3. HP: 12/18 MP: 4/4
   561 | D:4      | Reached XP level 4. HP: 14/22 MP: 5/5
   693 | D:4      | Found an ornate altar of the Wu Jian Council.
   853 | D:4      | Learned a level 2 spell: Sticks to Snakes
  1301 | D:4      | Reached skill level 5 in Short Blades
  1301 | D:4      | Reached XP level 5. HP: 25/25 MP: 6/6
  1389 | D:4      | Found a blossoming altar of Fedhas.
  1474 | D:4      | Found a staircase to the Ecumenical Temple.
  1480 | Temple   | Entered the Ecumenical Temple
  1572 | Temple   | Became a worshipper of Gozag Ym Sagoz the Greedy
  2207 | D:2      | You fall through a shaft!
  2221 | D:3      | Noticed Grinder
  2226 | D:3      | Paralysed by Grinder for 4 turns
  2242 | D:3      | Killed Grinder
  2242 | D:3      | Reached XP level 6. HP: 20/30 MP: 7/7
  3810 | D:4      | Reached XP level 7. HP: 29/33 MP: 8/8
  4032 | D:5      | Entered Level 5 of the Dungeon
  4384 | D:5      | Found a radiant altar of Vehumet.
  5410 | D:5      | Noticed Blork the orc
  5423 | D:5      | Killed Blork the orc
  5577 | D:5      | Reached skill level 1 in Spellcasting
  5577 | D:5      | Reached skill level 1 in Transmutations
  5585 | D:5      | Reached XP level 8. HP: 9/37 MP: 8/11
  5706 | D:5      | Noticed Edmund
  5722 | D:5      | Killed Edmund
  6517 | D:6      | Reached skill level 1 in Evocations
  6798 | D:6      | Reached skill level 5 in Transmutations
  6974 | D:6      | Found a white marble altar of Elyvilon.
  7252 | D:6      | Found an ancient bone altar of Kikubaaqudgha.
  7383 | D:7      | Reached skill level 5 in Spellcasting
  7432 | D:7      | Noticed Pikel
  7886 | D:7      | Reached skill level 5 in Stealth
  7886 | D:7      | Reached XP level 9. HP: 35/41 MP: 17/17
  8066 | D:7      | Reached skill level 1 in Shields
  8243 | D:7      | Found Qyrynox's Weapon Shop.
  8455 | D:7      | Found a runed door.
  8797 | D:7      | Noticed Crazy Yiuf
  8801 | D:7      | Killed Crazy Yiuf
  8893 | D:6      | Killed Pikel
  8925 | D:8      | Found a shimmering altar of Xom.
  8925 | D:8      | Found a shimmering altar of Xom.
  8925 | D:8      | Found a shimmering altar of Xom.
  8925 | D:8      | Found a shimmering altar of Xom.
  8925 | D:8      | Found a shimmering altar of Xom.
  9373 | D:8      | Learned a level 1 spell: Confusing Touch
  9567 | D:8      | Reached skill level 5 in Shields
  9676 | D:8      | Noticed a cyan ugly thing
  9749 | D:8      | Killed a cyan ugly thing
 10436 | D:9      | Noticed a two-headed ogre
 10479 | D:9      | Reached XP level 10. HP: 18/46 MP: 18/18
 10792 | D:9      | Found a runed gate.
 10798 | D:9      | Noticed galech's ghost (novice OgBe)
 11520 | D:8      | HP: 2/46 [yak (15)]
 11834 | D:9      | Killed a two-headed ogre
 12324 | D:9      | Noticed Joseph
 12340 | D:9      | Killed Joseph
 12344 | D:9      | Found a runed gate.
 12344 | D:9      | Found a runed gate.
 12402 | D:9      | Killed galech's ghost
 12598 | D:9      | Reached XP level 11. HP: 40/53 MP: 19/19
 12660 | D:9      | Found a staircase to the Lair.
 12973 | D:10     | Entered Level 10 of the Dungeon
 12984 | D:10     | Noticed an unseen horror
 13011 | D:10     | Killed an unseen horror
 13011 | D:10     | Reached skill level 1 in Hexes
 13160 | D:10     | Noticed Fannar
 13230 | D:10     | Noticed a two-headed ogre
 13291 | D:10     | Killed Fannar
 13562 | D:10     | Noticed a two-headed ogre
 13633 | D:10     | Killed a two-headed ogre
 13841 | D:10     | Got a coiled tin ring
 13843 | D:10     | Identified the ring of Befek {rCorr Int+3} (You found it on level 10 of the Dungeon)
 13913 | D:10     | Killed a two-headed ogre
 13913 | D:10     | Reached skill level 5 in Evocations
 14520 | D:11     | Reached skill level 10 in Dodging
 14589 | D:11     | Got a dazzling quarterstaff
 14943 | D:11     | Noticed a three-headed hydra
 14948 | D:11     | Killed a three-headed hydra
 15314 | D:11     | Noticed an unseen horror
 15322 | D:11     | Noticed a two-headed ogre
 15342 | D:11     | Killed an unseen horror
 15342 | D:11     | Reached skill level 5 in Hexes
 15342 | D:11     | Reached XP level 12. HP: 37/58 MP: 24/24
 15535 | D:11     | Killed a two-headed ogre
 15587 | D:11     | Found an opulent altar of Gozag.
 15631 | D:11     | Noticed a two-headed ogre
 15633 | D:11     | Killed a two-headed ogre
 16165 | D:12     | Noticed a five-headed hydra
 16193 | D:12     | Learned a level 3 spell: Regeneration
 16201 | D:12     | Found a staircase to the Orcish Mines.
 16222 | D:12     | Killed a five-headed hydra
 16239 | D:12     | Found a roughly hewn altar of Beogh.
 16498 | D:12     | Found a roughly hewn altar of Beogh.
 16777 | D:12     | Noticed a two-headed ogre
 16841 | D:11     | Killed a two-headed ogre
 17510 | D:12     | Reached skill level 10 in Stealth
 17773 | D:12     | Reached skill level 1 in Charms
 19102 | D:13     | Reached skill level 10 in Transmutations
 19248 | D:13     | Found a labyrinth entrance.
 19261 | Lab      | Entered a labyrinth
 19700 | Lab      | Mangled by an earth elemental

Vault maps used:
D:1:      scummos_arrival_star
D:3:      first_ration, uniq_grinder
D:4:      lemuel_coloured_pillars_altar, nicolae_overflow_hidden_temple,
          minmay_temple_entry_hall, minmay_cut_off
D:5:      vehumet_statue, uniq_blork_the_orc, uniq_edmund
D:6:      elyvilon_altar_1, lemuel_zombie_altar_kikubaaqudgha
D:7:      serial_shops, shop, uniq_pikel, uniq_crazy_yiuf_cottage
D:8:      xom_shifter_show
D:9:      david_lair_shrubbed, gammafunk_ghost_spectres, uniq_joseph
D:10:     uniq_fannar
D:11:     basic_altar, hangedman_ranch, st_stairs_5
D:12:     minmay_orc_entry_temple_small, special_room,
          minmay_misc_feat_nine_boxes
D:13:     minmay_the_grid_triangle_9x9_recursive_2_mashed,
          lightli_vaults_fourway_checkpoint, lab_entry_generic, grunt_decor_cap,
          grunt_ministairs_2, spider_trap
Temple:   minmay_crystal_spiral_temple
Lab:      labyrinth_mini_lab, nicolae_lab_t_cross, labyrinth_lava_lair,
          nicolae_lab_diamond, nicolae_lab_swirl

Skill      XL: |  1  2  3  4  5  6  7  8  9 10 11 12 |
---------------+-------------------------------------+-----
Short Blades   | 1 4 5 7 8 9 |  9.7
Spellcasting   | 1 5 7 9 |  9.2
Transmutations | 1 5 8 10 | 10.0
Evocations     | 3 6 9 |  9.0
Stealth        | 5 8 10 | 10.0
Shields        | 6 7 |  7.3
Dodging        | 9 10 | 10.0
Fighting       | 4 |  4.0
Hexes          | 5 7 |  7.4
Charms         | 3 |  3.6
Long Blades    | |  2.4
Staves         | |  1.3

Action                   |  1- 3 |  4- 6 |  7- 9 | 10-12 || total
-------------------------+-------+-------+-------+-------++-------
Melee: Dagger            |    47 |   180 |   598 |  1298 ||  2123
       Unarmed           |       |       |       |    28 ||    28
Throw: Throwing net      |       |     4 |       |       ||     4
 Cast: Sticks to Snakes  |       |     1 |       |    16 ||    17
       Confusing Touch   |       |       |       |    16 ||    16
       Regeneration      |       |       |       |     2 ||     2
Evoke: Wand              |       |       |    16 |    29 ||    45
  Use: Scroll            |       |     9 |       |    11 ||    20
       Potion            |       |     3 |     1 |     5 ||     9
 Stab: Sleeping          |     1 |     7 |    16 |    21 ||    45
       Held in net/web   |       |     2 |       |       ||     2
       Distracted        |       |     1 |     5 |    14 ||    20
       Confused          |       |       |       |    12 ||    12
  Eat: Ration            |       |     3 |     3 |     4 ||    10
Armor: Robe              |    10 |    16 |    30 |    34 ||    90
       Skin              |       |     2 |       |    48 ||    50
Dodge: Dodged            |    35 |    90 |   215 |   458 ||   798
Block: Buckler           |       |       |    27 |   295 ||   322

Table legend:
 A = Spawn XP
 B = Non-spawn XP
 C = Spawn XP percentage of total XP
 D = Spawn monster count
 E = Non-spawn monster count
 F = Spawn count percentage of total count
 G = Total turns spent on level
                    A         B        C        D         E        F      G
               +---------+---------+-------+---------+---------+-------+---------
         Total |       0 |   36399 |   0.0 |       0 |     385 |   0.0 | 19700
               +---------+---------+-------+---------+---------+-------+---------
           D:1 |       0 |      22 |   0.0 |       0 |      13 |   0.0 |   472
           D:2 |       0 |      94 |   0.0 |       0 |      25 |   0.0 |  1000
           D:3 |       0 |     502 |   0.0 |       0 |      14 |   0.0 |  1148
           D:4 |       0 |     317 |   0.0 |       0 |      18 |   0.0 |  1540
           D:5 |       0 |     796 |   0.0 |       0 |      24 |   0.0 |  2140
           D:6 |       0 |    1432 |   0.0 |       0 |      25 |   0.0 |  1116
           D:7 |       0 |     652 |   0.0 |       0 |       9 |   0.0 |  1376
           D:8 |       0 |    2311 |   0.0 |       0 |      30 |   0.0 |  2405
           D:9 |       0 |    5009 |   0.0 |       0 |      38 |   0.0 |  1622
          D:10 |       0 |    4906 |   0.0 |       0 |      54 |   0.0 |  1429
          D:11 |       0 |   10111 |   0.0 |       0 |      50 |   0.0 |  1817
          D:12 |       0 |    9263 |   0.0 |       0 |      77 |   0.0 |  2923
          D:13 |       0 |     613 |   0.0 |       0 |       3 |   0.0 |    91
           Lab |       0 |     371 |   0.0 |       0 |       5 |   0.0 |   439
               +---------+---------+-------+---------+---------+-------+---------
